AoeStats
← aitorpevi

Arena

510547871Analyzed
3v3 RM · 2d ago on Oct 1, 2026· 50m 12s· 6 players
Game mode
Random Map
Map size
Normal (6 player)
Population
200
Speed
Normal
Resources
Standard
Victory
Conquest
Starting age
Dark Age
Ending age
Imperial Age
RankedLock teamsTeams togetherTeam positionsShared explorationLock speedFull tech treeHidden civsTurbo modeCheats
Victory
Defeat
🇪🇸 Goths · Spain
897
+13
🇪🇸 Italians · Spain
889
+13
🇪🇸 Turks · Spain
883
+13
🇪🇸 Ethiopians · Spain
844
-14
🇨🇦 Franks · Canada
819
-13
🇷🇺 Slavs · Russia
809
-12
aitorpevi
12:26 Feudal Age
13:05 Loom
17:01 Castle Age
15:39 Fletching
15:52 Padded Archer Armor
16:56 Double-Bit Axe
17:10 Horse Collar
23:09 Wheelbarrow
22:20 Town Watch
23:36 Leather Archer Armor
23:22 Bodkin Arrow
23:29 Scale Mail Armor
26:55 Hand Cart
27:12 Leather Archer Armor
26:59 Horse Collar
28:34 Bow Saw
28:22 Gold Mining
28:07 Crossbowman
29:15 Ballistics
28:53 Murder Holes
29:41 Heavy Plow
30:48 Gold Shaft Mining
32:17 Thumb Ring
36:23 Imperial Age
36:32 Imperial Age
34:50 Chain Mail Armor
34:46 Forging
38:12 Royal Heirs
BlackKnight_01
2:15 Loom
13:16 Feudal Age
14:49 Wheelbarrow
14:04 Double-Bit Axe
14:13 Gold Mining
14:41 Stone Mining
18:49 Fletching
19:05 Scale Barding Armor
19:11 Forging
22:00 Castle Age
23:52 Hand Cart
23:53 Bow Saw
24:21 Gold Shaft Mining
23:44 Bodkin Arrow
24:10 Chain Barding Armor
24:26 Iron Casting
25:34 Husbandry
31:19 Imperial Age
33:00 Plate Barding Armor
33:26 Blast Furnace
31:48 Cavalier
32:58 Conscription
33:28 Paladin
38:11 Hoardings
42:55 Masonry
43:06 Ballistics
42:52 Siege Engineers
哪吒
2:30 Loom
9:55 Feudal Age
11:18 Double-Bit Axe
19:38 Castle Age
17:44 Horse Collar
18:51 Stone Mining
19:11 Fletching
20:47 Padded Archer Armor
Che Guevara
3:13 Loom
10:44 Feudal Age
11:28 Double-Bit Axe
11:38 Horse Collar
18:22 Castle Age
17:53 Wheelbarrow
18:14 Gold Mining
18:16 Stone Mining
19:50 Gold Shaft Mining
20:49 Bow Saw
21:23 Heavy Plow
22:25 Padded Archer Armor
26:56 Hand Cart
30:17 Imperial Age
31:28 Conscription
30:47 Elite Janissary
34:37 Artillery
IMANOL
11:03 Feudal Age
11:35 Double-Bit Axe
14:01 Wheelbarrow
14:10 Gold Mining
14:23 Horse Collar
19:43 Castle Age
21:43 Gold Mining
21:48 Stone Mining
22:24 Bow Saw
24:59 Fervor
25:20 Sanctity
25:18 Heavy Plow
26:12 Hand Cart
27:49 Ballistics
32:16 Imperial Age
29:41 Fletching
29:51 Padded Archer Armor
31:22 Stone Shaft Mining
30:39 Gold Mining
31:50 Thumb Ring
31:29 Treadmill Crane
32:01 Fortified Wall
31:51 Elite Skirmisher
33:32 Conscription
33:17 Bodkin Arrow
33:37 Leather Archer Armor
33:53 Block Printing
34:15 Theocracy
34:10 Illumination
34:57 Chemistry
35:23 Bracer
36:03 Ring Archer Armor
37:47 Elite Genoese Crossbowman
Wolsitto
14:13 Feudal Age
17:49 Castle Age
15:43 Gold Mining
15:40 Double-Bit Axe
15:37 Horse Collar
22:20 Imperial Age
21:16 Scale Mail Armor
21:27 Forging
22:38 Bow Saw
22:58 Chain Mail Armor
23:55 Iron Casting
23:37 Squires
26:01 Two-Man Saw
28:36 Blast Furnace
29:37 Wheelbarrow
30:25 Heavy Plow
32:38 Stone Mining
35:49 Hand Cart
38:35 Loom
44:36 Conscription
44:17 Perfusion
50:24 Caravan
Connection lost

Rejoining the realm…

Still unreachable

The connection could not be restored.

Session expired

The server has moved on; the page needs a fresh start.